 Dungeon Crawl Stone Soup version 0.18.1-48-g4cf74bf (webtiles) character file.

3689 nikopol the Cleaver (level 9, -3/124 HPs)
             Began as a Minotaur Berserker on Sept 5, 2016.
             Was a High Priest of Trog.
             Slain by a redback (5 damage)
             ... in a labyrinth.
             The game lasted 00:21:55 (7287 turns).

nikopol the Cleaver (Minotaur Berserker)            Turns: 7287, Time: 00:21:56

Health: -3/124     AC: 14    Str: 29    XL:     9   Next: 90%
Magic:  2/2        EV: 13    Int:  9    God:    Trog [*****.]
Gold:   452        SH:  0    Dex: 13    Spells: 0 memorised, 8 levels left

rFire  . . .     SeeInvis .     a - +3 battleaxe (antimagic)
rCold  . . .     Gourm    .     u - +0 chain mail
rNeg   . . .     Faith    +     (shield currently unavailable)
rPois  .         Spirit   .     (helmet restricted)
rElec  .         Dismiss  .     x - +0 cloak
rCorr  .         Reflect  .     (no gloves)
SustAt .         Harm     .     P - +0 pair of boots
MR     .....                    D - amulet of faith
Stlth  ..........               o - +5 ring of intelligence
                                e - +2 ring of strength

@: berserking, lethally poisoned (-3 -> -26), very quick, not resistant to
hostile enchantments, extremely unstealthy
A: retaliatory headbutt, horns 2
a: Berserk, Trog's Hand, Brothers in Arms, Burn Spellbooks, Renounce Religion


You were in a labyrinth.
You worshipped Trog.
Trog was extremely pleased with you.
You were very hungry.

You visited 2 branches of the dungeon, and saw 9 of its levels.
You also visited: Labyrinth.

You collected 452 gold pieces.

Inventory:

Hand Weapons
 a - a +3 antimagic battleaxe (weapon)
 y - a +0 hand axe
 z - a +0 shortbow
 C - a +0 shortbow
 L - a +0 war axe
Missiles
 t - 55 arrows (quivered)
Armour
 b - a +0 animal skin
 u - a +0 chain mail (worn)
 x - a +0 cloak (worn)
 P - a +0 pair of boots (worn)
Jewellery
 e - a +2 ring of strength (left hand)
 o - a +5 ring of intelligence (right hand)
 D - an amulet of faith (around neck)
Scrolls
 h - 2 scrolls of enchant weapon {unknown}
 l - a scroll of recharging {unknown}
 m - 3 scrolls of teleportation {unknown}
 p - a scroll of fog {unknown}
 A - a scroll of amnesia {unknown}
 B - a scroll of immolation {unknown}
 E - a scroll of blinking {unknown}
 G - a scroll of enchant armour {unknown}
 J - 2 scrolls of random uselessness {unknown}
 M - a scroll of remove curse {unknown}
 N - a scroll of magic mapping {unknown}
 O - a scroll of acquirement {unknown}
Potions
 d - 2 potions of brilliance
 g - a potion of invisibility
 q - a potion of curing
 r - a potion of haste
 s - a potion of cancellation
 w - a potion of ambrosia
 I - a potion of flight {unknown}
 Q - a potion of berserk rage {unknown}
Comestibles
 c - 6 bread rations
 f - a fruit
 j - 3 meat rations
 F - a beef jerky
 K - a royal jelly


   Skills:
 + Level 9.2 Fighting
 + Level 9.5 Axes
 + Level 8.9 Armour
 + Level 7.9 Dodging


You had 8 spell levels left.
You didn't know any spells.

Dungeon Overview and Level Annotations

Branches:
Dungeon (8/15)             Temple (0/1) D:7            Lair (1/8) D:8

Altars:
Elyvilon
Gozag
Kikubaaqudgha
Okawaru
Sif Muna
Xom


Innate Abilities, Weirdness & Mutations

You reflexively headbutt those who attack you in melee.
You have a pair of horns on your head.


Message History

The redback misses you.
Drink which item? (? for menu, Esc to quit)
You feel better.
The redback bites you but does no damage.
The redback bites you.
* * * LOW HITPOINT WARNING * * *
You hit the redback but do no damage.
The redback is almost dead.
The redback bites you!
* * * LOW HITPOINT WARNING * * *
You are lethally poisoned!
The redback poisons you! The redback bites you.
* * * LOW HITPOINT WARNING * * *
A red film seems to cover your vision as you go berserk!
You feel yourself moving faster!
You feel mighty!
You are feeling very hungry.
* * * LOW HITPOINT WARNING * * *
You feel very sick. The redback bites you.
You die...

#.....# ..
## # ##. ##
# . # ...
.. .# #
.###.### ##
. # # ###
.....=...#.
. . .#. .
##..
##.##.#.###
# # ...
#..#...# .#
.##.###..##
##
...$..s@.#
######..##
#.....#
###.### .#
##


You could see a redback.

Vanquished Creatures
  A komodo dragon (D:8)
  A redback (Lab)
  A hippogriff (D:7)
  A water moccasin (Lair:1)
  2 orc warriors
  3 ice beasts
  A phantom (D:5)
  A swamp drake (D:8)
  A black bear (D:6)
  3 ogres
  2 centaurs
  2 crocodiles (D:8)
  Blork the orc (D:5)
  A giant frog (D:8)
  5 scorpions
  A vampire bat (D:4)
  2 howler monkeys
  4 crimson imps
  A quasit (D:6)
  5 orc priests
  2 giant frog skeletons
  A hound (D:3)
  A jelly (D:7)
  2 centaur skeletons (D:4)
  Crazy Yiuf (D:3)
  4 iguanas
  Natasha (thrice) (D:4)
  5 orc wizards
  2 worker ants (D:6)
  A killer bee zombie (D:8)
  Robin (D:2)
  A gnoll (D:1)
  2 howler monkey skeletons
  6 adders
  A shadow imp (D:8)
  An ooze (D:4)
  2 dart slugs
  3 fire bats (D:4)
  10 giant geckos
  33 orcs
  2 spectral bats (D:4)
  3 bat skeletons (D:4)
  A bat zombie (D:4)
  5 giant cockroaches
  14 goblins
  13 hobgoblins
  20 jackals
  5 quokkas
  17 bats
  A bat simulacrum (D:4)
  2 giant newts (D:2)
  A jackal zombie (D:7)
  3 kobolds
  12 rats
220 creatures vanquished.

Vanquished Creatures (others)
  An orc (D:8)
1 creature vanquished.

Grand Total: 221 creatures vanquished

Notes
Turn   | Place    | Note
--------------------------------------------------------------
     0 | D:1      | nikopol the Minotaur Berserker began the quest for the Orb.
     0 | D:1      | Reached XP level 1. HP: 19/19 MP: 0/0
    46 | D:1      | Reached XP level 2. HP: 19/27 MP: 1/1
   280 | D:1      | Reached XP level 3. HP: 19/33 MP: 2/2
   361 | D:1      | Reached ** piety under Trog
   924 | D:2      | Found an iron altar of Okawaru.
  1155 | D:3      | Reached XP level 4. HP: 40/40 MP: 3/3
  1185 | D:3      | Noticed Robin
  1192 | D:3      | Reached *** piety under Trog
  1205 | D:2      | Killed Robin
  1470 | D:3      | Reached XP level 5. HP: 43/47 MP: 4/4
  1548 | D:3      | Noticed Crazy Yiuf
  1551 | D:3      | Killed Crazy Yiuf
  1694 | D:3      | Found an iron altar of Okawaru.
  1820 | D:4      | Noticed Natasha
  1823 | D:4      | Reached skill level 5 in Axes
  1835 | D:4      | Killed Natasha
  1860 | D:4      | Reached XP level 6. HP: 53/53 MP: 5/5
  1907 | D:4      | Reached **** piety under Trog
  1908 | D:4      | Reached skill level 5 in Fighting
  1915 | D:4      | Reached skill level 5 in Armour
  2030 | D:4      | Reached XP level 7. HP: 61/61 MP: 6/6
  2108 | D:4      | Noticed Natasha
  2116 | D:4      | Killed Natasha
  2145 | D:4      | Noticed Natasha
  2154 | D:4      | Killed Natasha
  2164 | D:4      | Reached skill level 5 in Dodging
  2786 | D:5      | Entered Level 5 of the Dungeon
  3197 | D:5      | Noticed Blork the orc
  3207 | D:5      | Killed Blork the orc
  3207 | D:5      | Reached XP level 8. HP: 54/70 MP: 7/7
  4214 | D:6      | Found an opulent altar of Gozag.
  4217 | D:6      | Found a shimmering altar of Xom.
  4220 | D:6      | Found an ancient bone altar of Kikubaaqudgha.
  4435 | D:6      | Reached ***** piety under Trog
  4628 | D:6      | HP: 2/109 [orc warrior/mace (12)]
  5317 | D:7      | Found a staircase to the Ecumenical Temple.
  5320 | D:7      | Reached XP level 9. HP: 43/80 MP: 8/8
  5854 | D:7      | Found a white marble altar of Elyvilon.
  6259 | D:8      | Noticed a komodo dragon
  6275 | D:8      | Killed a komodo dragon
  6563 | D:8      | Found a staircase to the Lair.
  6775 | D:8      | Found a deep blue altar of Sif Muna.
  7087 | D:8      | Received a gift from Trog
  7122 | Lair:1   | Entered Level 1 of the Lair of Beasts
  7122 | Lair:1   | Found a labyrinth entrance.
  7139 | Lab      | Entered a labyrinth
  7283 | Lab      | HP: 1/83 [redback (5)]
  7287 | Lab      | Slain by a redback

Skill      XL: |  1  2  3  4  5  6  7  8  9 |
---------------+----------------------------+-----
Armour         | 3 4 5 6 7 8 |  8.9
Axes           | 4 5 6 8 9 |  9.5
Dodging        | 3 4 5 6 7 |  7.9
Fighting       | 4 5 6 7 9 |  9.2

Action                   |  1- 3 |  4- 6 |  7- 9 || total
-------------------------+-------+-------+-------++-------
Melee: Hand axe          |    80 |   133 |       ||   213
       Headbutt          |    19 |    28 |    52 ||    99
       War axe           |       |    31 |   264 ||   295
       Battleaxe         |       |       |    21 ||    21
 Fire: Shortbow          |       |       |   113 ||   113
Invok: Berserk           |       |     1 |     2 ||     3
  Use: Scroll            |       |       |     8 ||     8
       Potion            |       |       |     2 ||     2
  Eat: Chunk             |     1 |     4 |    17 ||    22
Armor: Animal skin       |    15 |       |       ||    15
       Chain mail        |     1 |    83 |   196 ||   280
Dodge: Dodged            |    48 |    90 |   187 ||   325
